Unix xNetHack Version 8.0.0 - last build Mar 23 2024 02:42:02 (1964348d4f5f1cf1067ea9968e02252fcc83c468). Game began 2024-04-27 16:05:26, ended 2024-04-27 18:39:52. Okoto, lawful female human Valkyrie ---- ----------- --.>-------- |.........| |..........| |.........| |.`-----.-.| |.........| |..|..`|...| |....<....| |.``......-| |.........| |.......|..| |.........| |.----..--.| |``.......| |........|.-- |@`.......| |.---.-.....------------|| |%..|...-................| |.........---------------- -----..|..| ------- Okoto the Fighter St:18/02 Dx:11 Co:18 In:7 Wi:9 Ch:8 Lawful S:10327 Dlvl:8 $:1811 HP:0(84) Pw:21(21) AC:-1 Xp:8/2014 T:10483 Latest messages: You miss the glass piercer. You miss the glass piercer. The glass piercer bites! You miss the glass piercer. You miss the glass piercer. You kill the glass piercer! You are beginning to feel hungry. You stop searching. You see here a food ration. There is a food ration here; eat it? [ynq] (n) y This food really hits the spot! You stop eating the food ration. Please move the cursor to an unknown object. (For instructions type a '?') Unknown direction: 'b' (aborted). Done. You see here a candy bar. The gargoyle misses! The gargoyle misses! The gargoyle misses! Please move the cursor to an unknown object. (For instructions type a '?') The troll picks up a candy bar. The gargoyle just misses! The gargoyle claws you! The gargoyle bites! You gash the gargoyle! You miss the gargoyle. The troll picks up a partly eaten food ration. The gargoyle's thick hide blocks your attack. You rend the gargoyle! The gargoyle claws you! The gargoyle claws you! The gargoyle bites! The gargoyle's thick hide deflects your attack. You miss the gargoyle. The gargoyle claws you! The gargoyle claws you! The gargoyle bites! P - an uncursed iron perforated amulet (being worn) {22}. As you read the scroll, it disappears. The ceiling rumbles above you! You are hit by a boulder! Your helmet only slightly protects you. You die... Do you want your possessions identified? [ynq] (y) n Do you want to see your attributes? [ynq] (y) n Do you want an account of creatures vanquished? [ynaq] (y) n Do you want to see your conduct and achievements? [ynq] (y) n Do you want to see the dungeon overview? [ynq] (y) n Inventory: Inventory: 600/975 weight (31/52 slots) Coins $ - 1811 gold pieces {18} Amulets P - an uncursed iron amulet versus poison (being worn) {22} Weapons M - 9 +0 darts {9} Z - the cursed +0 Grayswandir (weapon in hand) {45} Armor e - an uncursed +0 orcish helm (being worn) {23} h - a cursed -1 pair of gauntlets of dexterity (being worn) {8} u - an uncursed +0 pair of cloth high boots (being worn) {10} m - an uncursed +0 pair of cloth water walking boots {10} c - an uncursed +3 small shield (being worn) {23} s - an uncursed +0 alchemy smock with text "I am an alchemist; if you see me running, try to catch up..." (being worn) {8} p - an uncursed +1 leather studded armor (being worn) {150} Comestibles E - 2 uncursed slime molds {10} x - an uncursed carrot {2} t - 6 uncursed food rations {120} G - an uncursed partly eaten food ration {16} q - an uncursed fortune cookie {1} w - an uncursed tripe ration {10} Scrolls I - a blessed scroll of confuse monster {5} Q - an uncursed scroll of confuse monster {5} D - an uncursed scroll of create monster {5} B - an uncursed scroll of earth {5} f - an uncursed scroll of identify {5} U - 2 uncursed scrolls of light {10} R - 3 uncursed scrolls of teleportation {15} Rings J - a cursed -1 ring of carrying {3} Wands F - a wand of create monster (0:15) {7} C - a wand of light (0:14) {7} g - a wand of teleportation named vanish (0:4) {7} Tools o - an uncursed blindfold {2} z - an uncursed iron magic lamp {18} S - a blessed iron oil lamp {18} y - an uncursed skeleton key {3} Okoto the Valkyrie's attributes: Background: You were a Fighter, a level 8 human Valkyrie. You were lawful, on a mission for Tyr who was opposed by Odin (neutral) and Loki (chaotic). You were heterosexual. You were in Sokoban, on level 8. You entered the dungeon 10483 turns ago. You had 2014 experience points, 546 more were needed to attain level 9. Your score was 10327 before end-of-game adjustments. Basics: You had 0 out of 84 hit points. You had all 21 energy points (spell power). Your armor class was -1. Your wallet contained 1811 zorkmids. Autopickup was off. Final Characteristics: Your strength was 18/02 (peak:18/03, limit:18/100). Your dexterity was 11 (base:12, limit:18). Your constitution was 18 (limit:18). Your intelligence was 7 (limit:18). Your wisdom was 9 (peak:10, limit:18). Your charisma was 8 (limit:18). Final Status: You were not hungry. You were unencumbered. You were wielding a saber. You had basic skill with saber. Final Attributes: You were piously aligned. You were cold resistant. You were poison resistant. You were acid resistant. Your items were protected from acid. You resisted hallucinations. You were telepathic. You were stealthy. You were warded. You were fast. You are dead. Miscellaneous: You encountered 1 bones level. Total elapsed playing time was 2 hours, 34 minutes and 24 seconds. Major events: Turn 1: Okoto the lawful human Valkyrie entered the dungeon 1316: attained the rank of Skirmisher (level 3) 1336: entered the Gnomish Mines 2003: attained the rank of Fighter (level 6) 2130: reached Mine Town 5227: just blew up her bag of holding 5525: entered Sokoban 6027: made her first wish - "Grayswandir", got "a silver saber named Grayswandir" 9535: completed 1st Sokoban level 10385: completed 2nd Sokoban level 10483: crushed by a falling boulder Vanquished creatures: 2 small mimics 2 glass piercers a large dog a large cat a chameleon 2 giant beetles a winter wolf cub a lynx a panther a spotted jelly 2 leprechauns an ogre a yeti a dog a jaguar a dust vortex a snake 3 soldier ants a fire ant an imp 2 Mordor orcs 3 rock piercers a rock mole a pony 6 gnome leaders 4 gnomish wizards a straw golem 3 giant ants 4 little dogs 2 floating eyes a dwarf a homunculus 5 rothes 2 rabid rats a centipede a giant bat 2 monkeys an orc zombie a werejackal 3 iguanas 3 killer bees an acid blob a gas spore a hobbit 9 manes 2 giant rats 3 cave spiders 5 yellow molds a red mold 35 gnomes 2 geckos 9 jackals a fox 4 sewer rats 7 grid bugs a bat 6 lichens a kobold zombie 7 newts 170 creatures vanquished. No species were genocided or became extinct. Voluntary challenges: You read items or engraved 5 times. You never genocided any monsters. You never polymorphed an object. You used 1 wish (for an artifact). You were celibate. You never generated conflict. You did not violate any of the special Sokoban rules. Achievements: You attained the rank of Skirmisher. You entered the Gnomish Mines. You attained the rank of Fighter. You entered Minetown. You entered a temple. You entered a shop. You entered Sokoban. Dungeon overview: The Dungeons of Doom: levels 1 to 10 Level 1: Level 2: Level 3: A delicatessen, a fountain. Stairs down to The Gnomish Mines. Level 4: Level 5: Some shops, a fountain. Level 6: An armor shop, a fountain. Level 7: "Next level soldier ant and zoo!" Level 8: An altar to Tyr. Level 9: Many fountains, a grave, many trees. Oracle of Delphi. Final resting place for Okoto-Val-Hum-Fem-Law, killed by a magic missile zapped by a leprechaun. Level 10: A fountain. Stairs up to Sokoban, level 9. The Gnomish Mines: levels 4 to 7 Level 4: Level 5: Level 6: Level 7: Many shops, a temple, many fountains. Sokoban: levels 9 up to 8 Level 8: <- You were here. Solved. Final resting place for you, crushed by a falling boulder. Level 9: Solved. Game over: __________ / \ / REST \ / IN \ / PEACE \ / \ | Okoto | | 1811 Au | | crushed by a | | falling boulder | | | | | | 2024 | *| * * * | * _________)/\\_//(\/(/\)/\//\/|_)_______ Farvel Okoto the Valkyrie... You died in Sokoban on dungeon level 8 with 10146 points, and 1811 pieces of gold, after 10483 moves. You were level 8 with a maximum of 84 hit points when you died.